 Dungeon Crawl Stone Soup version 0.18.1-48-g4cf74bf (webtiles) character file.

821 tyranidshit the Skirmisher (level 7, -1/69 HPs)
             Began as a Deep Dwarf Necromancer on July 22, 2016.
             Slain by a gnoll
             ... wielding a +0 halberd
              (12 damage)
             ... on level 4 of the Dungeon.
             The game lasted 00:10:36 (2760 turns).

tyranidshit the Skirmisher (Deep Dwarf Necromancer) Turns: 2760, Time: 00:10:37

Health: -1/69      AC:  7    Str: 19    XL:     7   Next: 63%
Magic:  14/14      EV: 11    Int: 16    God:
Gold:   214        SH:  0    Dex: 13    Spells: 1 memorised, 8 levels left

rFire  . . .     SeeInvis .     p - +8 scimitar "Memiguar" {pain, MP+9 Str+6}
rCold  . . .     Gourm    .     g - +0 ring mail
rNeg   . . .     Faith    .     (no shield)
rPois  .         Spirit   .     (no helmet)
rElec  .         Dismiss  .     (no cloak)
rCorr  .         Reflect  .     l - +1 pair of gloves
SustAt .         Harm     .     (no boots)
MR     +....                    (no amulet)
Stlth  +.........               (no ring)
                                (no ring)

@: non-regenerating, somewhat resistant to hostile enchantments, very unstealthy
A: damage resistance, recharge devices, sense surroundings 1, slow regeneration
3
a: Device Recharging


You were on level 4 of the Dungeon.
You were not hungry.

You visited 1 branch of the dungeon, and saw 4 of its levels.
You also visited: Sewer.

You collected 214 gold pieces.

Inventory:

Hand Weapons
 h - a +0 dagger
 o - a +1 hand axe
 p - the +8 scimitar "Memiguar" (weapon) {pain, MP+9 Str+6}
   (You found it on level 4 of the Dungeon)

   In the hands of one skilled in necromantic magic, it inflicts extra damage on
   living creatures.
   It affects your strength (+6).
   It affects your magic capacity (+9).
Armour
 g - a +0 ring mail (worn)
 k - a +0 ring mail
 l - a +1 pair of gloves (worn)
Jewellery
 i - a +5 amulet of reflection {unknown}
Wands
 c - a wand of heal wounds (4/9)
Scrolls
 d - 2 scrolls of fear
 e - a scroll of identify
 f - a scroll of noise {unknown}
 j - 4 scrolls of remove curse
Potions
 a - 5 potions of flight
 m - 2 potions of berserk rage
 n - a potion of degeneration
Books
 b - a book of Necromancy

   Spells                             Type                      Level
   a - Pain                           Necromancy                   1
   b - Animate Skeleton               Necromancy                   1
   c - Vampiric Draining              Necromancy                   3
   d - Regeneration                   Charms/Necromancy            3
   e - Animate Dead                   Necromancy                   4
   f - Control Undead                 Necromancy                   4


   Skills:
 + Level 6.2 Fighting
 - Level 5.2 Axes
 - Level 2.1 Dodging
 - Level 2.4 Stealth
 - Level 1.7 Spellcasting
 - Level 4.3 Necromancy


You had 8 spell levels left.
You knew the following spells:

 Your Spells              Type           Power        Failure   Level  Hunger
a - Pain                  Necr           ###.         10%         1    ##.....


Dungeon Overview and Level Annotations

Branches:
Dungeon (4/15)
 Temple: D:4-7

Altars:


Innate Abilities, Weirdness & Mutations

You are resistant to damage.
You can recharge devices by infusing magical energy.
You passively map a small area around you.
You do not regenerate naturally.


Message History

The gnoll hits you with a halberd! The gnoll hits you but does no damage.
The gnoll closely misses you.
Unknown command.
You barely miss the gnoll.
The gnoll is severely wounded.
The gnoll closely misses you. The gnoll barely misses you.
The gnoll hits you with a halberd.
Unknown command.
You slash the gnoll!
You kill the gnoll!
The gnoll hits you with a halberd!
* * * LOW HITPOINT WARNING * * *
Unknown command.
Evoke which item? (* to show all) (? for menu, Esc to quit)
Okay, then.
Charge which item? (? for menu, Esc to quit)
Your wand of heal wounds (0/9) glows for a moment and now has 4 charges.
You are no longer glowing.
The gnoll hits you with a halberd!
You die...

#.....# #....
#.....# #....
#.....# #....
#.....# #....
#######.....##
#....
#............#
#####
#............#
#.$.(........#
#?.....@)....#
#......)g....#
#......#######
#......#
#......#
#......#
#......#
#......#


You could see a gnoll.

Vanquished Creatures
  Sigmund (D:4)
  A sky beast (D:3)
  A phantom (D:4)
  The ghost of Uhlv the Ruffian, an amateur VSMo (Sewer)
  A howler monkey (D:4)
  A gnoll shaman (D:4)
  An orc priest (D:3)
  An iguana (D:4)
  A worker ant (D:4)
  A hound skeleton (D:4)
  4 gnolls (D:4)
  A howler monkey skeleton (D:4)
  6 adders
  5 oozes
  An adder skeleton (D:4)
  3 worms
  2 dart slugs
  6 giant geckos
  10 orcs
  4 giant cockroaches
  6 hobgoblins
  12 jackals
  10 kobolds
  4 ball pythons
  12 bats
  3 giant newts
  5 goblins
  5 rats
109 creatures vanquished.

Notes
Turn   | Place    | Note
--------------------------------------------------------------
     0 | D:1      | tyranidshit the Deep Dwarf Necromancer began the quest for the Orb.
     0 | D:1      | Reached XP level 1. HP: 15/15 MP: 3/3
   101 | D:1      | Reached skill level 1 in Fighting
   126 | D:1      | Reached XP level 2. HP: 21/25 MP: 2/4
   447 | D:1      | Reached skill level 2 in Fighting
   662 | D:2      | Reached XP level 3. HP: 23/33 MP: 5/5
   815 | D:2      | Reached skill level 3 in Fighting
  1213 | D:3      | Reached XP level 4. HP: 23/42 MP: 4/6
  1438 | D:3      | Found a glowing drain.
  1443 | Sewer    | Entered a sewer
  1456 | Sewer    | Reached skill level 4 in Fighting
  1483 | Sewer    | Noticed Uhlv's ghost (amateur VSMo)
  1559 | Sewer    | Killed Uhlv's ghost
  1559 | Sewer    | Reached XP level 5. HP: 28/51 MP: 6/6
  1737 | Sewer    | Reached skill level 5 in Fighting
  1985 | D:3      | Reached skill level 1 in Axes
  1985 | D:3      | Reached XP level 6. HP: 22/61 MP: 7/7
  2004 | D:3      | Noticed a sky beast
  2063 | D:3      | Killed a sky beast
  2403 | D:4      | Got a warped scimitar
  2404 | D:4      | Identified the +8 scimitar "Memiguar" {pain, MP+9 Str+6} (You found it on level 4 of the Dungeon)
  2423 | D:4      | Noticed Sigmund
  2430 | D:4      | Killed Sigmund
  2430 | D:4      | Reached skill level 5 in Axes
  2430 | D:4      | Reached XP level 7. HP: 22/67 MP: 7/7
  2567 | D:4      | Reached skill level 6 in Fighting
  2760 | D:4      | Slain by a gnoll

Skill      XL: |  1  2  3  4  5  6  7 |
---------------+----------------------+-----
Fighting       | 1 2 3 4 5 6 |  6.2
Axes           | 1 5 |  5.2
Dodging        | |  2.1
Stealth        | |  2.4
Spellcasting   | |  1.7
Necromancy     | |  4.3

Action                   |  1- 3 |  4- 6 |  7- 9 || total
-------------------------+-------+-------+-------++-------
Melee: Dagger            |    99 |       |       ||    99
       Unarmed           |     3 |       |       ||     3
       Hand axe          |    62 |   348 |       ||   410
       Scimitar          |       |     4 |    53 ||    57
 Cast: Pain              |    11 |     2 |       ||    13
 Abil: Device Recharging |       |     2 |     2 ||     4
Evoke: Wand              |     1 |    13 |     5 ||    19
  Use: Scroll            |     4 |     8 |       ||    12
       Potion            |     5 |     1 |       ||     6
 Stab: Distracted        |       |     1 |       ||     1
  Eat: Bread ration      |     1 |       |       ||     1
       Fruit             |       |     1 |     1 ||     2
       Beef jerky        |       |       |     1 ||     1
Armor: Robe              |    11 |       |       ||    11
       Ring mail         |    77 |   319 |    45 ||   441
Dodge: Dodged            |   164 |   385 |    81 ||   630
